 Dungeon Crawl Stone Soup version 0.25-a0-842-g81a31cfd23 (webtiles) character file.

Game seed: 5332343458443904082, levelgen mode: deterministic

100 mortelune the Vexing (level 5, -1/39 HPs)
             Began as a Formicid Arcane Marksman on Apr 24, 2020.
             Slain by a gnoll
             ... wielding a +0 war axe
              (8 damage)
             ... on level 3 of the Dungeon.
             The game lasted 00:04:45 (1958 turns).

mortelune the Vexing (Formicid Arcane Marksman)     Turns: 1958, Time: 00:04:45

Health: -1/39      AC:  6    Str: 16    XL:     5   Next: 3%
Magic:  6/6        EV: 11    Int: 12    God:
Gold:   68         SH:  0    Dex: 11    Spells: 5/6 levels left

rFire    . . .     SeeInvis +   a - +0 hand crossbow
rCold    . . .     Gourm    .   (no shield)
rNeg     . . .     Faith    .   h - +0 ring mail
rPois    .         Spirit   .   (helmet unavailable)
rElec    .         Reflect  .   (no cloak)
rCorr    .         Harm     .   k - +0 pair of gloves
MR       .....                  (no boots)
Stlth    +.........             (no amulet)
HPRegen  0.13/turn              (no ring)
MPRegen  0.10/turn              (no ring)

@: mighty
A: permanent stasis, dig shafts and tunnels, four strong arms, antennae 3
a: Dig, Shaft Self


You were on level 3 of the Dungeon.
You were not hungry.

You visited 1 branch of the dungeon, and saw 3 of its levels.

You collected 68 gold pieces.

Inventory:

Hand Weapons
 a - a +0 hand crossbow (weapon)
 m - a +0 flail
Missiles
 d - 28 bolts (quivered)
Armour
 e - a +0 robe
 h - a +0 ring mail (worn)
 k - a +0 pair of gloves (worn)
Scrolls
 c - 3 scrolls of remove curse {unknown}
 i - a scroll of noise {unknown}
 l - a scroll of fear {unknown}
Potions
 g - a potion of invisibility {unknown}
 j - a potion of brilliance {unknown}
Comestibles
 f - 8 rations
 n - 3 chunks of flesh


   Skills:
 + Level 2.5 Fighting
 * Level 0.3 Maces & Flails
 + Level 3.0 Crossbows
 + Level 2.2 Armour
 - Level 1.7 Dodging
 - Level 1.1 Spellcasting
 - Level 4.1 Hexes


You had 5 spell levels left.
You knew the following spells:

 Your Spells              Type           Power        Failure   Level  Hunger
a - Corona                Hex            ##.....      11%         1    ##.....

Your spell library contained the following spells:

 Spells                   Type           Power        Failure   Level  Hunger
 Slow                     Hex            ##......     16%         2    ###....
 Inner Flame              Hex/Fire       #.......     56%         3    ####...
 Portal Projectile        Hex/Tloc       #.....       56%         3    ####...
 Cause Fear               Hex            ##........   71%         4    #####..
 Leda's Liquefaction      Hex/Erth       #.........   93%         4    #####..


Dungeon Overview and Level Annotations

Branches:
Dungeon (3/15)

Altars:

Annotations:
D:2 Sigmund


Innate Abilities, Weirdness & Mutations

You cannot be hasted, slowed, berserked, paralysed or teleported.
You can dig through walls and to a lower floor.
Your four strong arms can wield two-handed weapons with a shield.
You have a pair of large antennae on your head. (SInv)


Message History

Firing (i - inventory)
d - 31 bolts (quivered)
Press: ? - help, Shift-Dir - straight line, f/p - gnoll
Aim: a gnoll, wielding a +0 war axe and wearing a +0 ring mail (severely wounded)
You shoot a bolt. The bolt barely misses the gnoll.
The gnoll hits you with a +0 war axe. x2
Firing (i - inventory)
d - 30 bolts (quivered)
Press: ? - help, Shift-Dir - straight line, f/p - gnoll
Aim: a gnoll, wielding a +0 war axe and wearing a +0 ring mail (severely wounded)
You shoot a bolt. The bolt closely misses the gnoll.
The gnoll hits you with a +0 war axe.
Firing (i - inventory)
d - 29 bolts (quivered)
Press: ? - help, Shift-Dir - straight line, f/p - gnoll
Aim: a gnoll, wielding a +0 war axe and wearing a +0 ring mail (severely wounded)
You shoot a bolt. The bolt barely misses the gnoll.
The gnoll hits you with a +0 war axe.
* * * LOW HITPOINT WARNING * * *
It was a potion of might.
You feel very mighty all of a sudden. The gnoll hits you with a +0 war axe!
You die...

......#
######.......#..#.##(##
......#
#...##.......#..#......
......#
#...#####..#.#..#..#...
#...#####.....g........
#......{g............##
#...###{#....#.#...#.#
#...##{##....#.#...#.#
#...#g###.{..........#
#.o.##@#.........>.###
....#####...........
#....# #....#..##.##
#....# #........ ##...#
#...##..# ....# ..#
#...# .#


You could see a gnoll.

Vanquished Creatures
  Jessica (D:2)
  An orc wizard (D:3)
  An adder (D:2)
  A worm (D:2)
  A leopard gecko (D:1)
  4 orcs (D:3)
  A ball python (D:3)
  A giant cockroach (D:2)
  8 goblins
  6 bats
  7 frilled lizards
  2 kobolds
  3 rats
37 creatures vanquished.

Notes
Turn   | Place    | Note
-------+----------+-------------------------------------------
     0 | D:1      | mortelune the Formicid Arcane Marksman began the quest for
                  | the Orb.
     0 | D:1      | Reached XP level 1. HP: 15/15 MP: 2/2
   284 | D:1      | Reached XP level 2. HP: 21/21 MP: 3/3
   776 | D:2      | Noticed Sigmund
   887 | D:2      | Noticed Jessica
   891 | D:2      | Killed Jessica
   891 | D:2      | Reached skill level 1 in Armour
   891 | D:2      | Reached skill level 4 in Hexes
   891 | D:2      | Reached XP level 3. HP: 27/27 MP: 4/4
  1109 | D:3      | Reached XP level 4. HP: 33/33 MP: 5/5
  1635 | D:2      | Reached XP level 5. HP: 12/39 MP: 6/6
  1958 | D:3      | Slain by a gnoll

Levels and vault maps discovered:
D:1:      onia_arrival_mini_maze_b, layout_basic, minmay_misc_feat_x
D:2:      layout_loops_ring, serial_bayou_pond_e, serial_bayou_pond_e,
          uniq_jessica, uniq_sigmund
D:3:      layout_basic, grunt_temple_overflow_gold_and_silver, first_ration

Skill      XL: |  1  2  3  4 |
---------------+-------------+-----
Armour         | 1 2 |  2.2
Hexes          | 4 |  4.1
Fighting       | 2 |  2.5
Crossbows      | 3 |  3.0
Maces & Flails | |  0.3
Dodging        | |  1.7
Spellcasting   | |  1.1

Action                   |  1- 3 |  4- 6 || total
-------------------------+-------+-------++-------
Melee: Flail             |       |    12 ||    12
 Fire: Hand crossbow     |    51 |    33 ||    84
 Abil: Dig               |       |     1 ||     1
  Use: Potion            |       |     1 ||     1
  Eat: Chunk             |       |     3 ||     3
Armor: Robe              |     7 |       ||     7
       Ring mail         |     2 |     7 ||     9
Dodge: Dodged            |    12 |    12 ||    24

Table legend:
 A = Non-vault XP
 B = Vault XP
 C = Vault XP percentage of total XP
 D = Non-vault monster count
 E = Vault monster count
 F = Vault count percentage of total count
                 A         B        C        D         E       F
            +---------+---------+-------+---------+---------+-------
      Total |     106 |      37 |  25.9 |      36 |       1 |   2.7
            +---------+---------+-------+---------+---------+-------
        D:1 |      12 |       0 |   0.0 |       8 |       0 |   0.0
        D:2 |      33 |      37 |  52.9 |      12 |       1 |   7.7
        D:3 |      61 |       0 |   0.0 |      16 |       0 |   0.0
            +---------+---------+-------+---------+---------+-------
